Map: [ESL] Dynasty

Players

SHIN

  • Race: Zerg Zerg
  • Spawn Location: 7:00

Cure - Winner!

  • Race: Terran Terran
  • Spawn Location: 1:00

Event: ESL Spring 2024 Finals

VOD

Have the link to the VOD?

Description

Time

  • Played on: June 1, 2024, 2:51 p.m.
  • Length: 6:30

All games in this series

Show
View Real Time Build Order
Export as new Build Order

SHIN Zerg 

Build Orders: Hatch First, Ravager All-In 

Get SALT Encoding   

  12  0:00  Drone  
  13  0:08  Drone  
  13  0:14  Extractor  
  13  0:15  Drone  
  15  0:39  Hatchery  
  15  0:40  Extractor  
  15  0:42  Drone  
  14  0:49  Overlord  
  15  1:03  Spawning Pool  
  14  1:07  Drone  
  14  1:10  Drone  
  16  1:13  Drone  
  17  1:18  Drone  
  18  1:28  Drone  
  19  1:39  Drone  
  20  1:44  Unknown  
  19  1:50  Queen  
  19  1:51  Zergling x2  
  19  1:54  Drone  
  23  1:58  Queen  
  25  2:06  Drone  
  26  2:10  Roach Warren  
  26  2:13  Drone  
  26  2:16  Overlord  
  26  2:23  Drone  
  26  2:25  Overlord  
  26  2:30  Metabolic Boost  
  26  2:33  Extractor  
  26  2:50  Roach x2  
  30  2:51  Overlord  
  30  2:58  Roach  
  32  3:01  Zergling x4  
  33  3:06  Roach x2  
  33  3:07  Roach  
  33  3:11  Zergling x6  
  42  3:19  Zergling x2  
  43  3:25  Ravager x2  
  45  3:28  Zergling x4  
  47  3:35  Hatchery  
  45  3:42  Ravager  
  45  3:43  Zergling x2  
  45  3:44  Zergling x4  
  45  3:47  Drone  
  50  3:52  Drone x2  
  52  3:57  Overlord  
  52  4:02  Overlord  
  52  4:09  Overlord  
  52  4:10  Drone  
  52  4:11  Drone  
  52  4:14  Drone  
  52  4:16  Drone  
  52  4:19  Ravager x3  
  52  4:23  Drone x2  
  54  4:26  Drone  
  54  4:28  Drone  
  52  4:36  Drone x2  
  46  4:45  Lair  
  46  4:47  Drone x2  
  46  4:48  Drone  
  46  4:50  Queen  
  45  4:56  Drone x3  
  45  4:57  Drone x2, Extractor  
  45  4:58  Extractor  
  45  4:59  Drone  
  49  5:02  Drone  
  49  5:05  Drone x2  
  52  5:11  Drone x3  
  55  5:18  Spore Crawler  
  55  5:20  Roach x3  
  60  5:25  Roach  
  60  5:26  Roach x2  
  66  5:30  Drone x4  
  66  5:31  Extractor  
  66  5:33  Roach  
  71  5:38  Overlord  
  71  5:43  Roach  
  71  5:45  Overlord  
  73  5:50  Overlord  
  73  5:57  Roach x4  
  73  6:00  Overlord  
  81  6:04  Ravager  
  81  6:05  Overlord  
  81  6:06  Overseer  
  81  6:09  Overlord  
  81  6:10  Roach x3  
Show
View Real Time Build Order
Export as new Build Order

Cure Terran - Winner!

Build Orders: Reaper Expand 

Get SALT Encoding   

  12  0:00  SCV  
  13  0:12  SCV  
  14  0:17  Supply Depot  
  14  0:24  SCV  
  15  0:38  SCV  
  15  0:40  Barracks  
  15  0:42  Refinery  
  16  0:50  SCV  
  17  1:02  SCV  
  18  1:14  SCV  
  19  1:27  Orbital Command, Reaper  
  20  1:38  Command Center  
  20  1:48  Barracks  
  20  1:52  SCV  
  21  1:57  Refinery  
  21  2:00  Barracks Reactor  
  21  2:04  SCV  
  22  2:09  Supply Depot  
  22  2:16  SCV  
  22  2:21  Factory  
  23  2:30  SCV  
  24  2:37  Marine x2  
  24  2:40  Barracks Tech Lab  
  24  2:42  SCV  
  27  2:49  Orbital Command  
  27  2:54  SCV  
  28  2:59  Stimpack  
  28  3:06  SCV, Bunker  
  29  3:14  Marine x3  
  29  3:16  SCV  
  29  3:19  SCV  
  34  3:25  Cyclone  
  36  3:29  Supply Depot  
  36  3:33  Marine x2  
  36  3:34  Marine  
  38  3:37  SCV  
  38  3:38  SCV  
  41  3:50  Bunker  
  41  3:51  Marine x3  
  41  3:55  Supply Depot  
  43  4:05  Hellion  
  43  4:09  Marine  
  46  4:15  Marine  
  46  4:16  Marine  
  47  4:20  SCV x2  
  47  4:27  Marine  
  47  4:31  Starport, Factory Reactor  
  46  4:32  Marine  
  46  4:36  Marine  
  47  4:41  SCV x2  
  47  4:45  Marine  
  46  4:50  Marine  
  46  4:52  Combat Shield  
  45  4:53  SCV x2  
  45  4:56  Supply Depot  
  47  5:05  SCV  
  47  5:06  SCV  
  49  5:11  Marine x3  
  52  5:14  Medivac  
  52  5:17  Medivac  
  52  5:20  Supply Depot  
  56  5:21  SCV  
  56  5:22  SCV  
  58  5:28  Marine  
  58  5:29  Marine x2  
  58  5:30  Factory Tech Lab  
  58  5:33  SCV  
  62  5:39  Supply Depot  
  62  5:41  SCV  
  63  5:46  SCV  
  63  5:47  Marine  
  63  5:48  Marine x2  
  67  5:52  Siege Tank  
  70  5:59  Starport Reactor  
  70  6:00  SCV x2  
  70  6:02  Command Center  
  70  6:03  Supply Depot  
  72  6:09  Marine x3  
  75  6:12  SCV  
Tags
 
Add a new tag
Caveats
  • Supply blocks, unpowered buildings, or Contaminate may cause inaccurate times.
  • Supply counts are checked every 10 seconds.